 Dungeon Crawl Stone Soup version 0.20-a0-544-g2b9a704 (webtiles) character file.

233 HallandMoats the Skirmisher (level 5, -4/43 HPs)
             Began as a Mummy Monk on Jan 31, 2017.
             Slain by a gnoll
             ... wielding a +2 halberd of freezing
              (9 damage)
             ... on level 3 of the Dungeon.
             The game lasted 00:07:11 (3954 turns).

HallandMoats the Skirmisher (Mummy Monk)            Turns: 3954, Time: 00:07:11

Health: -4/43      AC:  7    Str: 15    XL:     5   Next: 75%
Magic:  5/5        EV: 14    Int:  9    God:
Gold:   244        SH:  0    Dex: 15    Spells: 4/4 levels left

rFire    x . .     SeeInvis .   a - +0 falchion
rCold    + . .     Gourm    .   h - +0 ring mail
rNeg     + + +     Faith    .   (no shield)
rPois    ∞         Spirit   .   c - +0 helmet
rElec    .         Reflect  .   (no cloak)
rCorr    .         Harm     .   (no gloves)
MR       .....                  g - +0 pair of boots
Stlth    +.........             (no amulet)
Regen    0.2/turn               n - ring of wizardry
                                e - +2 ring of evasion

@: about to teleport
A: no food or potions, fire vulnerability, cold resistance 1, negative energy
resistance 3, torment resistance, unbreathing
a: no special abilities


You were on level 3 of the Dungeon.
You were not hungry.

You visited 1 branch of the dungeon, and saw 4 of its levels.

You collected 244 gold pieces.

Inventory:

Hand Weapons
 a - a +0 falchion (weapon)
Armour
 c - a +0 helmet (worn)
 g - a +0 pair of boots (worn)
 h - a +0 ring mail (worn)
Jewellery
 e - a +2 ring of evasion (left hand)
 n - a ring of wizardry (right hand)
Scrolls
 f - 5 scrolls of identify
 i - a scroll of blinking {unknown}
 j - 2 scrolls of remove curse
 k - a scroll of magic mapping {unknown}
 l - a scroll of noise {unknown}
Books
 m - a book of Misfortune

   Spells                             Type                      Level
   a - Confusing Touch                Hexes                        1
   b - Confuse                        Hexes                        3
   c - Gell's Gravitas                Hexes/Translocation          3
   d - Petrify                        Transmutation/Earth          4
   e - Metabolic Englaciation         Hexes/Ice                    5
   f - Yara's Violent Unravelling     Hexes/Transmutation          5


   Skills:
 * Level 4.9 Fighting
 * Level 3.7 Long Blades
 + Level 3.2 Dodging
 - Level 1.5 Stealth


You had 4 spell levels left.
You didn't know any spells.

Dungeon Overview and Level Annotations

Branches:
Dungeon (4/15)
 Temple: D:4-7

Altars:

Annotations:
D:3 spe3d0's ghost, amateur MiFi


Innate Abilities, Weirdness & Mutations

You do not eat or drink.
Your flesh is vulnerable to fire.
You are immune to poison.
Your flesh is cold resistant. (rC+)
You are immune to negative energy. (rN+++)
You are immune to unholy pain and torment.
You can survive without breathing.


Message History

The gnoll hits you from afar with a spear.
The gnoll shaman calls upon its god to speed up the gnoll.
The gnoll seems to speed up.
The gnoll hits you from afar with a halberd of freezing!
The gnoll freezes you.
* * * LOW HITPOINT WARNING * * *
The gnoll misses you.
You closely miss the gnoll shaman.
The gnoll shaman is severely wounded.
The gnoll shaman hits you with a whip.
* * * LOW HITPOINT WARNING * * *
The gnoll hits you but does no damage. The gnoll misses you.
You closely miss the gnoll shaman.
The gnoll shaman is severely wounded.
The gnoll hits you from afar with a spear.
* * * LOW HITPOINT WARNING * * *
The gnoll shaman hits you with a whip.
* * * LOW HITPOINT WARNING * * *
The gnoll hits you from afar with a halberd of freezing!
You die...

#.#
#............!.#.#.
#.#
#...##..####.#.#(#.
#.# ##.###..#
#.#.#.#. #.# #.#
#.<# #.#.#..# #.#
#.# #..# ..#.#..#
##.# #.# #...
###.#... #..# #g#
#..######...## #g##
#.# #..###.##...##
#g# #@#
#..##...##.### #g#
#g# #..#.[...#.# #
#.# ######g#
#..#.....#.# #
#.###g.g..g#
#..#....†..# #
#...g.######
#.###...#### #
#####.# #.# ##.## #
#.# #.######
#.########....##
#..............#


You could see a gnoll shaman and 3 gnolls.

Vanquished Creatures
  A scorpion (D:3)
  An orc priest (D:4)
  A worker ant (D:4)
  2 gnolls
  4 adders
  3 worms
  2 dart slugs (D:2)
  A leopard gecko (D:4)
  2 orcs
  A ball python (D:2)
  16 bats
  3 giant cockroaches (D:2)
  3 goblins
  9 hobgoblins
  3 jackals (D:2)
  4 kobolds
  2 quokkas
  4 frilled lizards
  9 rats
71 creatures vanquished.

Notes
Turn   | Place    | Note
-------+----------+-------------------------------------------
     0 | D:1      | HallandMoats the Mummy Monk began the quest for the Orb.
     0 | D:1      | Reached XP level 1. HP: 18/18 MP: 1/1
   287 | D:1      | Reached XP level 2. HP: 14/24 MP: 2/2
  1079 | D:2      | Reached XP level 3. HP: 27/29 MP: 3/3
  2140 | D:2      | Reached skill level 4 in Fighting
  2140 | D:2      | Reached XP level 4. HP: 30/37 MP: 4/4
  2598 | D:3      | Noticed spe3d0's ghost (amateur MiFi)
  2863 | D:3      | Reached XP level 5. HP: 28/43 MP: 5/5
  3954 | D:3      | Slain by a gnoll

Vault maps used:
D:1:      dpeg_arrival_castle, minivault_25
D:2:      minmay_pentomino_r2
D:3:      roderic_batcave
D:4:      serial_shops, nicolae_shop_overgrown_old_shop, first_bread,
          kennysheep_big_empty_room

Skill      XL: |  1  2  3  4 |
---------------+-------------+-----
Long Blades    | 3 |  3.7
Fighting       | 4 |  4.9
Dodging        | 3 |  3.2
Stealth        | |  1.5

Action                   |  1- 3 |  4- 6 || total
-------------------------+-------+-------++-------
Melee: Falchion          |   133 |   128 ||   261
  Use: Scroll            |       |     3 ||     3
Armor: Robe              |    28 |       ||    28
       Ring mail         |    28 |    46 ||    74
Dodge: Dodged            |   170 |   137 ||   307
       Rpst.: Falchion   |    53 |    53 ||   106
